[Event "*** Titled Tuesday Blitz"]
[Site "Chess.com"]
[Date "2019.06.04"]
[Round "8"]
[White "aa175"]
[Black "Denis_Palkovich"]
[Result "1-0"]
[WhiteElo "2023"]
[BlackElo "2219"]
[TimeControl "180+2"]
[EndTime "14:53:22 PDT"]
[Termination "aa175 won by checkmate"]

1. d4 d5 2. Bf4 Bf5 3. e3 e6 4. c4 Bd6 5. Bg3 Nf6 6. Nc3 O-O 7.
Nf3 c6 8. Qb3 Bxg3 9. hxg3 Qb6 10. c5 Qxb3 11. axb3 a6 12. b4 Nbd7 13. Nh4 Be4 14.
f3 Bc2 15. Kd2 Bb3 16. g4 g5 17. Bd3 gxh4 18. g5 Ne8 19. Rxh4 f5 20. Rah1 Rf7 21.
Ne2 e5 22. dxe5 Nxe5 23. Nd4 Nxd3 24. g6 hxg6 25. Ne6 Re7 26. Rh8+ Kf7 27. Ng5+ Kf6 28. Nh7+ Rxh7 29. R1xh7 Nxb4 30. Kc3 Nc2 31. Kxb3 Nxe3 32. Rf8+ Ke6 33. Rff7 Nc4 34. Re7+ Kf6 35. f4 g5 36.
Ref7+ Kg6 37. fxg5 Kxg5 38. Rh8 Rc8 39. Rff8 Ned6 40. cxd6 Rxf8 41. Rxf8 Nxd6 42. Rd8 Nb5 43. Rb8 Nd4+ 44. Kc3 Ne2+ 45. Kd2 Nf4 46. Rxb7 Kf6 47. Rb6 Ke5 48. g3 Ng2 49. Rxc6 d4 50. Rxa6 Ne3 51. b3 Nf1+ 52. Ke2 Nxg3+ 53. Kf3 Ne4 54. Ra5+ Ke6 55.
Kf4 Nd2 56. b4 Nb3 57. Rxf5 d3 58. Re5+ Kd6 59. Re8 Kd5 60. Ke3 Kc4 61. Rc8+ Kxb4 62. Kxd3 Nc5+ 63. Kd4 Ne6+ 64. Kd5 Nf4+ 65. Ke4 Ne2 66.
Kd3 Nf4+ 67. Ke3 Nd5+ 68. Kd4 Nf4 69. Rb8+ Ka5 70. Kc5 Ka6 71. Kc6 Ka7 72. Rb7+ Ka8 73. Rf7 Nd3 74. Kb6 Nc5 75. Rf8# 1-0

[Event "*** Titled Tuesday Blitz"]
[Site "Chess.com"]
[Date "2019.06.04"]
[Round "8"]
[White "gena217"]
[Black "Gentlejimmy7"]
[Result "1/2-1/2"]
[WhiteElo "2896"]
[BlackElo "2558"]
[TimeControl "180+2"]
[EndTime "14:53:24 PDT"]
[Termination "Game drawn by agreement"]

1. e4 c5 2. Nf3 e6 3. Nc3 Nc6 4. d4 cxd4 5. Nxd4 Nf6 6. Ndb5 Bc5 7. Nd6+ Ke7 8. Bf4 e5 9. Nf5+ Kf8 10. Be3 Bb4 11.
Nd6 Qe7 12. Nf5 Qd8 13. Bd3 d5 14. exd5 Nxd5 15. O-O Bxf5 16. Bxf5 Bxc3 17. bxc3 Nxe3 18. fxe3 Qxd1 19. Raxd1 Rd8 20. Rb1 b6 21. c4 Ke7 22.
c5 Rb8 23. Rb5 bxc5 24. Rxc5 Kd6 25. Rc4 Rb6 26. Rd1+ Ke7 27. Rd7+ Kf6 28. Be4 Ke6 29. Rc7 Ne7 30. Rxa7 Rd8 31. Rcc7 Nc8 32. Ra8 Rd1+ 33. Kf2 Nd6 34. Bd3 Rd2+ 35. Kg3 e4 36. Bc4+ Kf6 37.
Bb3 h5 38. h4 Nf5+ 39. Kh3 Re2 40. Rxf7+ Kg6 41. Raf8 Nxe3 42. Rf2 Rxf2 43. Rxf2 Ng4 44. Re2 Kf5 45. Kg3 Ke5 46. c3 Rc6 47. c4 Kd4 48. Kf4 Rf6+ 49. Kg5 Kd3 50. Re1 e3 51. Kxh5 Nf2 52. c5 Kd2 53. Rg1 e2 54. g4 e1=Q 55.
Rxe1 Kxe1 56. Bd5 Nd3 57. g5 Ra6 58. Bc4 Nf4+ 59. Kg4 Ra4 60. Bb3 Rb4 61. c6 Ng6+ 62. Kh5 Ne7 63. c7 Rb7 64. Kg4 Rxc7 65. h5 Kd2 66. h6 gxh6 67. gxh6 Ng6 68. Kg5 Nh8 69. Kf6 Kc3 70. Bg8 Kb4 71. Bb3 Kc5 72. Bg8 Ra7 73. Bb3 Kd6 74. Bg8 Kd7 75. Kg7 Ke7 76. Kxh8 Kf6 77. h7 Kg6 1/2-1/2

[Event "*** Titled Tuesday Blitz"]
[Site "Chess.com"]
[Date "2019.06.04"]
[Round "8"]
[White "albi1999"]
[Black "26andrej26"]
[Result "0-1"]
[WhiteElo "2435"]
[BlackElo "2507"]
[TimeControl "180+2"]
[EndTime "14:53:35 PDT"]
[Termination "26andrej26 won by resignation"]

1. d4 Nf6 2. c4 g6 3. Nc3 Bg7 4. Nf3 d6 5. g3 O-O 6. Bg2 Nc6 7.
O-O a6 8. b3 Rb8 9. d5 Na5 10.
Bg5 Nd7 11. Qd2 c5 12. dxc6 bxc6 13. Rac1 Nc5 14. Bh6 Ne6 15. Rfd1 c5 16. Bxg7 Kxg7 17. Nd5 Nc6 18. Qc3+ Kg8 19. Qe3 Kg7 20. Rd2 a5 21. Nc3 Bb7 22. Rcd1 Ncd4 23. Ne1 Bxg2 24. Nxg2 Qd7 25.
Qd3 Qb7 26. Ne1 h5 27. h4 Rfe8 28. Nd5 a4 29. e3 Nc6 30. bxa4 Qa6 31. Qc3+ Kg8 32.
Qc2 Ra8 33. Qe4 Qxa4 34. Nb6 Qa6 35. Nxa8 Rxa8 36. Nf3 Qa4 37. Rb1 Nb4 38. Kg2 Kg7 39. Rbb2 Qc6 40. Qxc6 Nxc6 41. Ne1 Nb4 42. Kf3 Nd8 43.
Ke2 Ndc6 44. Nd3 Nxd3 45. Kxd3 Ra3+ 46. Rb3 Ra4 47. f4 Na5 48. Rc3 Nc6 49. a3 Kf6 50.
Rb2 Ke6 51. Rb6 Kd7 52. Rb7+ Ke6 53. Rc7 Ra6 54. e4 Nd4 55. Rb7 Ra4 56. Rb1 Ra6 57. Ra1 Ra4 58. Ra2 Nc6 59. Rf2 f6 60. f5+ gxf5 61.
exf5+ Kd7 62. Ke4 Nd4 63. Rb2 Kc6 64. Rb8 Ne2 65. Re3 Nd4 66. Rh8 Rxc4 67. Rd3 d5+ 68. Ke3 Nxf5+ 69. Kf3 e5 70. Kf2 e4 71. Rb3 Rc2+ 72.
Ke1 d4 73. Rxh5 Ne3 74. Rxe3 dxe3 75. Rf5 c4 76. h5 Rh2 77. Rxf6+ Kd5 78. h6 c3 79. Rf8 c2 80. Rc8 Rh1+ 81. Ke2 c1=Q 82. Rxc1 Rxc1 83. Kxe3 Rh1 84. g4 Rxh6 85. g5 0-1

[Event "*** Titled Tuesday Blitz"]
[Site "Chess.com"]
[Date "2019.06.04"]
[Round "8"]
[White "PaulfromSPb"]
[Black "champ2005"]
[Result "0-1"]
[WhiteElo "2668"]
[BlackElo "2830"]
[TimeControl "180+2"]
[EndTime "14:53:50 PDT"]
[Termination "champ2005 won on time"]

1. d4 Nf6 2. Bf4 g6 3. e3 Bg7 4. c3 O-O 5. Nd2 b6 6. h3 c5 7. Ngf3 d6 8. Bc4 Bb7 9. O-O Nbd7 10. Bh2 a6 11. a4 Ra7 12. Qb3 Qa8 13. Rfe1 h6 14.
Bd3 Ne4 15. Nxe4 Bxe4 16. Be2 Nf6 17. Red1 Qc6 18. Ne1 Raa8 19. f3 Bf5 20. e4 Bd7 21. Nc2 b5 22. axb5 axb5 23. Ne3 c4 24. Qb4 Rxa1 25.
Rxa1 Ra8 26. Rxa8+ Qxa8 27. e5 dxe5 28. Bxe5 e6 29.
Qe7 Nd5 30. Qxd7 Nxe3 31. Qxb5 Qa1+ 32. Kf2 Nc2 33. f4 Qe1+ 34. Kf3 Qd2 35. Kf2 Qe3+ 36.
Kf1 Qc1+ 37. Kf2 Qe3+ 38. Kf1 Bxe5 39. Qxe5 Qc1+ 40. Kf2 Qxb2 41. d5 Qb6+ 42. Kg3 exd5 43. Qxd5 Qe3+ 44. Qf3 Qc5 45. Qe4 Ne3 46. Kh2 Nf5 47. Bg4 Nd6 48. Qe7 Qd5 49. Bf3 Qd2 50. Qd8+ Kg7 51. Kh1 Qc1+ 52. Kh2 Qxf4+ 53. Kg1 Nf5 54.
Qd1 Qe3+ 55. Kh2 Qxc3 56. Qd5 Ne3 57. Qe4 Nf5 58. Qd5 Ne3 59. Qe4 h5 60. h4 Kf6 61.
Qf4+ Ke6 62. Kg1 Qe1+ 63. Kh2 Qc3 64. Kg1 Qe5 65. Qh6 c3 66. Qf8 c2 67. Qe8+ Kf6 68. Qh8+ Kf5 69. Qc8+ Kf6 70. Qh8+ Kf5 71. Qc8+ Kf4 72.
Kf2 Nd1+ 73. Kg1 Qe3+ 74. Kh2 c1=Q 75. Qb8+ Qe5 76. Qb4+ Kf5+ 77. Kh3 Qcf4 0-1

[Event "*** Titled Tuesday Blitz"]
[Site "Chess.com"]
[Date "2019.06.04"]
[Round "8"]
[White "GremioPrudente"]
[Black "TheBigBadChessDad"]
[Result "0-1"]
[WhiteElo "2136"]
[BlackElo "2173"]
[TimeControl "180+2"]
[EndTime "14:54:01 PDT"]
[Termination "TheBigBadChessDad won on time"]

1. Nf3 d5 2. d4 c6 3. c4 e6 4. e3 f5 5. b3 Nf6 6. Be2 Nbd7 7.
O-O Bd6 8. Ba3 Bxa3 9. Nxa3 Ne4 10. Nc2 O-O 11. Nce1 b6 12. Nd3 Ba6 13. Nde5 Nxe5 14. Nxe5 Rc8 15. Bd3 Nd6 16. cxd5 Bxd3 17. Qxd3 exd5 18. Rac1 Qe8 19. Rc2 Nf7 20. f4 Nxe5 21. fxe5 Qe6 22. Rfc1 f4 23. exf4 Rxf4 24. Rf2 Rxf2 25.
Kxf2 c5 26. Kg1 c4 27. bxc4 dxc4 28. Qe4 Rd8 29. d5 Rxd5 30. Qxc4 Rxe5 31. Qxe6+ Rxe6 32. Rc7 a5 33. Kf2 h5 34. g3 Kh7 35. h3 Kg6 36. g4 h4 37. Kf3 Rd6 38. Ke3 Kf6 39. a4 g6 40. Ke4 Ke6 41. Rg7 Kf6 42. Rb7 Kg5 43. Ke3 Rc6 44. Rb8 Rc3+ 45. Kf2 Rb3 46. Kg2 Rb4 47. Rb7 Kf6 48. Kh2 g5 49. Kg2 Rb2+ 50.
Kf3 Rb3+ 51. Kg2 Ke6 52. Rg7 Kf6 53. Rb7 Rb4 54. Kf2 Ke5 55. Rg7 Rb2+ 56. Ke3 Rb3+ 57. Kf2 Kf4 58. Rf7+ Ke4 59. Re7+ Kf4 60. Rf7+ Ke4 61.
Re7+ Kd4 62. Rd7+ Kc4 63. Rg7 Rxh3 64. Rxg5 Rb3 65. Rh5 h3 66. g5 Kd5 67. g6+ Ke6 68. g7 Kf7 69. Rg5 Kg8 70. Kg1 Rb4 71. Rg6 Rb2 72.
Kh1 Rb4 73. Kg1 Rxa4 74. Rxb6 Kxg7 75. Kh2 Ra3 76. Rc6 Kf7 77. Rh6 Ke7 78. Rxh3 Rxh3+ 79. Kxh3 a4 80. Kg2 a3 81. Kf3 a2 82. Ke4 a1=Q 83. Kd3 Qa4 84. Kc3 Kd6 85. Kd2 Kd5 86. Kc3 Qa3+ 87. Kd2 Ke4 0-1

[Event "*** Titled Tuesday Blitz"]
[Site "Chess.com"]
[Date "2019.06.04"]
[Round "8"]
[White "Pechen_Yeltsina"]
[Black "MarianPetrov"]
[Result "1/2-1/2"]
[WhiteElo "2692"]
[BlackElo "2622"]
[TimeControl "180+2"]
[EndTime "14:54:15 PDT"]
[Termination "Game drawn - insufficient material"]

1. e4 c5 2. Nf3 Nc6 3. g3 g6 4. Bg2 Bg7 5. O-O d6 6. Re1 e5 7.
c3 Nge7 8. d3 O-O 9. a3 h6 10.
b4 Be6 11. Nbd2 b5 12. Nb3 c4 13. dxc4 Bxc4 14. Be3 a5 15. Nbd2 Be6 16. Bf1 Rb8 17. a4 axb4 18. axb5 bxc3 19. bxc6 cxd2 20. Qxd2 Nxc6 21. Bxh6 Bg4 22. Bg5 Qd7 23. Bg2 Rb3 24.
Re3 Rfb8 25. Rxb3 Rxb3 26. Be3 Rb8 27. Qd3 f6 28. Nd2 Be6 29. Nc4 Bf8 30. Nb6 Qf7 31.
Nd5 Nb4 32. Qb1 Nc6 33. Qc2 Nb4 34. Qb2 Nc6 35. Qc3 Ne7 36. Qc7 Rc8 37. Nxe7+ Qxe7 38. Qb6 Qc7 39. Qa6 Qc6 40. Qa5 Kf7 41. h4 Be7 42. Qd2 Qc3 43. Qd1 Qc2 44. Rc1 Qxd1+ 45. Rxd1 f5 46.
f3 Rc3 47. Kf2 Rc2+ 48. Rd2 Rxd2+ 49. Bxd2 d5 50. exd5 Bxd5 51. f4 Bc5+ 52. Kf1 Bxg2+ 53. Kxg2 e4 54. g4 fxg4 55. Kg3 e3 56. Be1 Ke6 57. Kxg4 Kd5 58. Kf3 Kd4 59. Kg4 Ke4 60. h5 gxh5+ 61. Kxh5 Kxf4 62. Kh4 Kf3 63. Kh3 e2 64. Bd2 Kf2 65. Bc3 Kf1 66. Bd2 Be3 67. Bc3 Bf2 68. Bd2 Be1 69. Bg5 Bc3 70. Bh4 Kg1 71. Kg4 Kg2 72. Bg3 Bd4 73. Be1 Bf2 74. Ba5 Kf1 75. Kf3 Bb6 76. Bb4 Bc5 77. Bc3 Ba3 78. Bd2 Bc1 79. Ba5 Bb2 80. Bb4 Ba3 81. Ba5 Be7 82.
Bc3 Bh4 83. Bd2 Be1 84. Bf4 Bb4 85. Bg3 Be7 86. Bf2 Bf6 87. Bg3 Be5 88. Bf2 Bf6 89.
Bg3 Bg5 90. Bf2 e1=Q 91. Bxe1 1/2-1/2

[Event "*** Titled Tuesday Blitz"]
[Site "Chess.com"]
[Date "2019.06.04"]
[Round "8"]
[White "tbalabayev"]
[Black "vinniethepooh"]
[Result "0-1"]
[WhiteElo "2354"]
[BlackElo "2566"]
[TimeControl "180+2"]
[EndTime "14:55:34 PDT"]
[Termination "vinniethepooh won by resignation"]

1. Nf3 d5 2. g3 Nf6 3. Bg2 g6 4. O-O Bg7 5. d3 O-O 6. Nbd2 c5 7. e4 Nc6 8. Re1 dxe4 9. dxe4 Qc7 10. c3 e5 11. a4 b6 12. Qc2 Rd8 13. Nc4 Ba6 14.
Ne3 Bd3 15. Qb3 Bxe4 16. Ng4 Bd5 17. Nxf6+ Bxf6 18. Qc2 Na5 19. Bh6 Qb7 20. Qe2 Nb3 21. Rad1 e4 22. Ng5 Bxg5 23. Bxg5 Re8 24. Qe3 Bc6 25.
Rd6 c4 26. Bf6 Re6 27. Qh6 Rxf6 28. Rxf6 Nc5 29. Qe3 Rd8 30. h4 Kg7 31. Rf4 Nd3 32. Re2 Nxf4 33. Qxf4 Qe7 34. Bxe4 Re8 35. Bf3 Qd7 36.
Rxe8 Qxe8 37. Qd4+ f6 38. Kg2 Bxf3+ 39. Kxf3 Qxa4 40. Qd6 Qe8 41. Qc7+ Qf7 42. Qd6 Qe8 43. h5 Qa8+ 44. Kg4 Qe4+ 45. f4 Qf5+ 46. Kf3 Qxh5+ 47. Kg2 Qe2+ 48. Kh3 Qf1+ 49. Kh2 Qe2+ 50. Kh3 Qe8 51. Qc7+ Qf7 52. Qd6 h5 53. Kh2 Qe8 54.
Kh3 Qc8+ 55. Kh2 Qe8 56. Qc7+ Qf7 57. Qd6 Qb7 58. Qe6 b5 59. f5 g5 60. Qe8 Qf7 61.
Qxb5 h4 62. Qc6 hxg3+ 63. Kxg3 Kh7 64. Kg4 Kg7 65. Qd6 Qe8 66. Qc7+ Qf7 67. Qd6 a5 68. Qd8 a4 69. Qb8 Qe7 70. Kf3 Qe5 71. Qb7+ Kh6 72. Qd7 Qf4+ 73. Ke2 Qe4+ 74. Kf2 g4 75. Qc8 Kg5 76. Qe6 Qf4+ 77. Kg2 Qf3+ 78. Kg1 Qd1+ 79. Kg2 Qd2+ 80. Kg1 Qxb2 81. Qxc4 Qc1+ 82. Kg2 a3 83. Qg8+ Kxf5 84. Qd5+ Kg6 85. Qg8+ Kf5 86.
Qd5+ Kf4 87. Qd4+ Kg5 88. Qd5+ Kh4 89. Qd6 Qc2+ 90. Kg1 Qb1+ 91. Kg2 Qe4+ 92. Kg1 Qe1+ 93. Kg2 Qe2+ 94. Kg1 Qe3+ 95. Kg2 Qf3+ 96. Kg1 Qg3+ 97. Qxg3+ Kxg3 98. c4 a2 0-1

[Event "*** Titled Tuesday Blitz"]
[Site "Chess.com"]
[Date "2019.06.04"]
[Round "8"]
[White "Anaiy"]
[Black "tan275"]
[Result "0-1"]
[WhiteElo "1980"]
[BlackElo "2197"]
[TimeControl "180+2"]
[EndTime "14:58:13 PDT"]
[Termination "tan275 won on time"]

1. d4 Nf6 2. c4 e6 3. Nc3 Bb4 4. e3 d5 5. a3 Bxc3+ 6. bxc3 O-O 7. Nf3 dxc4 8. Bxc4 c5 9. O-O Nc6 10. a4 Re8 11.
dxc5 Qa5 12. Bb5 Bd7 13. Bb2 Rad8 14. Qc2 a6 15. Bxc6 Bxc6 16. Ba3 Ne4 17. Nd4 Qxc3 18. Qxc3 Nxc3 19. Nxc6 bxc6 20. Bb4 Nd5 21. Ba5 Rb8 22. Rab1 Kf8 23. h3 Ke7 24. Bb6 Nxb6 25. cxb6 a5 26.
Rfc1 Kd6 27. Rd1+ Ke7 28. Rdc1 Kd6 29. Rd1+ Ke7 30. Rd4 Rb7 31. Rc4 Kd6 32. Rd1+ Ke7 33. Rxc6 Reb8 34. Rb1 Kd7 35. Rc5 Rxb6 36. Rxb6 Rxb6 37.
Rxa5 Ke7 38. Ra7+ Kf6 39. Kf1 Rb2 40. a5 Ra2 41. g3 e5 42. a6 e4 43. Ra8 Ke7 44.
a7 g6 45. Ke1 h5 46. Kd1 Kf6 47. Kc1 Kg7 48. Kb1 Ra6 49. Kb2 Ra4 50. Kb3 Ra1 51. Kc4 Ra4+ 52. Kd5 Ra5+ 53. Kxe4 Kf6 54. Kd4 Ra1 55. e4 Rd1+ 56. Ke3 Re1+ 57. Kf3 Ra1 58. h4 Ra3+ 59. Kf4 Ra4 60. f3 Kg7 61. Kg5 Ra5+ 62. Kf4 Kf6 63. e5+ Kg7 64. Ke4 Ra4+ 65. Ke3 Kh7 66. Kd3 Kg7 67. Kc3 Ra1 68.
Kd4 Rd1+ 69. Kc5 Ra1 70. Kd6 Ra6+ 71. Ke7 Re6+ 72. Kd7 Ra6 73. f4 Ra3 74. Ke7 Ra6 75. Kd7 Ra3 76. Kc7 Rc3+ 77. Kb7 Rb3+ 78. Kc6 Rc3+ 79. Kb5 Ra3 80. Kb6 Rb3+ 81. Ka5 Ra3+ 82.
Kb4 Ra1 83. Kc5 Rc1+ 84. Kd4 Ra1 85. Ke3 Ra3+ 86. Ke4 Ra4+ 87. Kd3 Ra3+ 88. Kc4 Ra1 89. Kb3 Ra6 90. Kb2 Ra5 91. Kb3 Ra1 92. f5 gxf5 93. Kc4 Ra4+ 94. Kd3 Ra5 95. Kd4 Ra1 96. Ke3 Re1+ 97.
Kf4 Ra1 98. Kxf5 Ra5 99. Kf4 Kh7 100. Kg5 Rxe5+ 101. Kf6 Ra5 102. Kxf7 Ra6 103. Ke7 Kg7 104. Kd7 Ra5 105. Kd6 Ra6+ 106. Ke5 Ra5+ 107. Kf4 Ra4+ 108. Kg5 Ra5+ 109. Kf4 Ra4+ 110. Kf3 Ra3+ 111. Ke4 Ra4+ 112. Kd5 Ra5+ 113. Kc4 Ra1 114. Kb4 Rb1+ 115. Ka3 Ra1+ 116. Kb3 Ra6 117. Kb4 Ra1 118. Kb5 Rb1+ 119. Kc6 Rc1+ 120. Kd7 Rd1+ 121. Ke6 Ra1 122. Re8 Ra6+ 123. Kf5 Rxa7 124. Kg5 Ra5+ 125. Kf4 Ra4+ 126. Re4 Ra6 127. Re5 Kg6 128. Rd5 Ra4+ 129. Kf3 Rb4 130. Re5 Kh6 131. Re6+ Kg7 132. Re4 Rb5 133. Re6 Rb4 134. Rd6 Ra4 135. Rb6 Rc4 136. Ke3 Ra4 137. Kf3 Rc4 138. Re6 Ra4 139. Re4 Ra3+ 140. Kf4 Rb3 141. Re3 Rb4+ 142. Kf5 Rb5+ 143. Re5 Rb3 144. Re7+ Kh6 0-1

[Event "*** Titled Tuesday Blitz"]
[Site "Chess.com"]
[Date "2019.06.04"]
[Round "9"]
[White "orrbaverlekszarnyon"]
[Black "Anaiy"]
[Result "0-1"]
[WhiteElo "2229"]
[BlackElo "1995"]
[TimeControl "180+2"]
[EndTime "15:00:15 PDT"]
[Termination "Anaiy won by checkmate"]

1. e4 c5 2. Nf3 e6 3. d4 cxd4 4.
Nxd4 Nc6 5. Be3 a6 6. g4 Qc7 7.
Bg2 Bc5 8. O-O Nf6 9. g5 Ng4 10.
Nxe6 Qxh2# 0-1

[Event "*** Titled Tuesday Blitz"]
[Site "Chess.com"]
[Date "2019.06.04"]
[Round "9"]
[White "volcanoexplorer"]
[Black "Joseph_Truelson"]
[Result "1-0"]
[WhiteElo "2609"]
[BlackElo "2281"]
[TimeControl "180+2"]
[EndTime "15:00:48 PDT"]
[Termination "volcanoexplorer won by resignation"]

1. e4 e5 2. Nf3 Nc6 3. Bc4 Nf6 4.
d3 h6 5. O-O d6 6. c3 g5 7. Re1 Bg7 8. d4 O-O 9. dxe5 dxe5 10.
Qc2 Qe7 11. b3 Kh8 12. Ba3 Qe8 13. Bxf8 Bxf8 14. Nbd2 Nh5 15. Nf1 Nf4 16. Ne3 a6 17. Rad1 Bd7 18. Nd5 1-0

[Event "*** Titled Tuesday Blitz"]
[Site "Chess.com"]
[Date "2019.06.04"]
[Round "9"]
[White "vohiraa"]
[Black "fish7728"]
[Result "1-0"]
[WhiteElo "2304"]
[BlackElo "2231"]
[TimeControl "180+2"]
[EndTime "15:01:25 PDT"]
[Termination "vohiraa won by resignation"]

1. e4 c5 2. Nf3 Nc6 3. d4 cxd4 4.
Nxd4 Nf6 5. Nc3 e5 6. Ndb5 d6 7.
Bg5 a6 8. Na3 b5 9. Bxf6 gxf6 10. Nd5 f5 11. Bd3 Be6 12. O-O Bxd5 13. exd5 Ne7 14.
c3 Bg7 15. Nc2 O-O 16. Ne3 Qd7 17. Nxf5 Nxd5 18. Qg4 f6 19. Nh6+ Kh8 20. Qxd7 1-0

[Event "*** Titled Tuesday Blitz"]
[Site "Chess.com"]
[Date "2019.06.04"]
[Round "9"]
[White "XiaoKangZhong"]
[Black "Rhinos1"]
[Result "0-1"]
[WhiteElo "2270"]
[BlackElo "2067"]
[TimeControl "180+2"]
[EndTime "15:01:38 PDT"]
[Termination "Rhinos1 won by resignation"]

1. e4 e5 2. Nf3 Nc6 3. Bc4 Nf6 4. d3 Bc5 5. c3 O-O 6. O-O h6 7. b4 Bb6 8. a4 a5 9. b5 Ne7 10. Ba3 d6 11. Nh4 Bg4 12. Qd2 Ng6 13. Nxg6 Nh5 14. Nxf8 Kxf8 15. h3 Bxh3 16. gxh3 Nf4 17. d4 Qg5+ 0-1

[Event "*** Titled Tuesday Blitz"]
[Site "Chess.com"]
[Date "2019.06.04"]
[Round "9"]
[White "vugarrasulov"]
[Black "ChainsOfFantasia"]
[Result "1-0"]
[WhiteElo "2753"]
[BlackElo "2494"]
[TimeControl "180+2"]
[EndTime "15:01:48 PDT"]
[Termination "vugarrasulov won by checkmate"]

1. e4 e6 2. d4 d5 3. Nd2 c5 4. exd5 Qxd5 5. Ngf3 cxd4 6. Bc4 Qd7 7. O-O Nc6 8. Nb3 a6 9. Nbxd4 Nxd4 10. Nxd4 Qc7 11. Qe2 Nf6 12. Bg5 Bd6 13. Nf5 Bxh2+ 14. Kh1 O-O 15.
Nxg7 Kxg7 16. g3 b5 17. Bd3 Bxg3 18. fxg3 Nd5 19. Bh6+ Kh8 20. Qh5 Bb7 21. Bg7+ Kxg7 22. Qxh7# 1-0

[Event "*** Titled Tuesday Blitz"]
[Site "Chess.com"]
[Date "2019.06.04"]
[Round "9"]
[White "fm_magua"]
[Black "VerdeNotte"]
[Result "0-1"]
[WhiteElo "2486"]
[BlackElo "2787"]
[TimeControl "180+2"]
[EndTime "15:02:15 PDT"]
[Termination "VerdeNotte won by resignation"]

1. e4 g6 2. d4 Bg7 3. Nc3 d6 4. Be3 Nf6 5. f3 a6 6. h4 b5 7. a4 b4 8. Nce2 Nbd7 9. Ng3 c5 10. Bc4 Nb6 11. Ba2 c4 12. d5 a5 13.
Bxb6 Qxb6 14. Bxc4 Nd7 15. N1e2 Bxb2 16. Rb1 Bg7 17. h5 Ba6 18. Bxa6 Rxa6 19. hxg6 hxg6 20. Rxh8+ Bxh8 21. Qd3 Nc5 22. Qb5+ Qxb5 23. axb5 Rb6 24. Kd2 Rxb5 25. Rh1 Bf6 26. f4 a4 27. c4 bxc3+ 0-1

[Event "*** Titled Tuesday Blitz"]
[Site "Chess.com"]
[Date "2019.06.04"]
[Round "9"]
[White "Bad4life"]
[Black "Jahonas"]
[Result "0-1"]
[WhiteElo "2430"]
[BlackElo "2350"]
[TimeControl "180+2"]
[EndTime "15:02:32 PDT"]
[Termination "Jahonas won by resignation"]

1. e4 c6 2. Nc3 d5 3. Qe2 dxe4 4. Nxe4 Nf6 5. Nxf6+ gxf6 6. d3 e5 7. Bd2 Be6 8. f4 Nd7 9. Nf3 Qc7 10. Bc3 Bd6 11.
d4 O-O-O 12. fxe5 fxe5 13. dxe5 Bc5 14. g3 Bg4 15. e6 Rhe8 16. exd7+ Qxd7 17. Ne5 Rxe5 18. Bxe5 Bxe2 19. Bxe2 Qd2+ 20. Kf1 f5 21. Bf4 Qd4 22.
Kg2 Qf2+ 23. Kh3 Qxe2 0-1

[Event "*** Titled Tuesday Blitz"]
[Site "Chess.com"]
[Date "2019.06.04"]
[Round "9"]
[White "Rumpel-VK"]
[Black "pultineviciuspaulius"]
[Result "1-0"]
[WhiteElo "2614"]
[BlackElo "2714"]
[TimeControl "180+2"]
[EndTime "15:02:46 PDT"]
[Termination "Rumpel-VK won by resignation"]

1. d4 g6 2. g3 Nf6 3. Nf3 Bg7 4.
Bg2 O-O 5. O-O d5 6. c3 b6 7. c4 Bb7 8. Ne5 e6 9. Nc3 Qe7 10.
Bg5 Rd8 11. Qd2 c5 12. cxd5 exd5 13. Rad1 Nc6 14. Nxd5 Rxd5 15. Bxd5 Nxd4 16. Bxb7 Qxb7 17. Bxf6 Bxf6 18. Nf3 Nxf3+ 19. exf3 Qxf3 20. b3 Rd8 21. Qe3 Qd5 22. Rxd5 1-0

[Event "*** Titled Tuesday Blitz"]
[Site "Chess.com"]
[Date "2019.06.04"]
[Round "9"]
[White "akretchetov"]
[Black "TristanCalistri"]
[Result "0-1"]
[WhiteElo "2346"]
[BlackElo "2262"]
[TimeControl "180+2"]
[EndTime "15:02:52 PDT"]
[Termination "TristanCalistri won by resignation"]

1. Nf3 Nf6 2. c4 b6 3. d4 Bb7 4. d5 e6 5. Nc3 Bb4 6. dxe6 fxe6 7. Qb3 Nc6 8. a3 Bc5 9. e3 O-O 10. Be2 Ne7 11. O-O Nf5 12. Qd1 a5 13. b3 Qe8 14.
Bb2 Qg6 15. Kh1 Ng4 16. Na4 Ngxe3 17. fxe3 Nxe3 18. Rg1 Nxd1 19. Raxd1 Bxg1 0-1

[Event "*** Titled Tuesday Blitz"]
[Site "Chess.com"]
[Date "2019.06.04"]
[Round "9"]
[White "GelmanAlexander"]
[Black "IMDT02"]
[Result "1-0"]
[WhiteElo "2604"]
[BlackElo "2474"]
[TimeControl "180+2"]
[EndTime "15:02:55 PDT"]
[Termination "GelmanAlexander won by resignation"]

1. d4 f5 2. Bg5 g6 3. h4 h6 4. Bf4 Bg7 5. e3 Nf6 6. Nc3 c6 7. Bd3 d6 8. e4 fxe4 9. Nxe4 Kf7 10. Nf3 Bf5 11. Qe2 Nbd7 12. O-O-O Qa5 13. Kb1 Rhe8 14.
Bd2 Qb6 15. h5 e5 16. Nxd6+ 1-0

[Event "*** Titled Tuesday Blitz"]
[Site "Chess.com"]
[Date "2019.06.04"]
[Round "9"]
[White "ellennilssen"]
[Black "MagnutssCarleson"]
[Result "0-1"]
[WhiteElo "2093"]
[BlackElo "2324"]
[TimeControl "180+2"]
[EndTime "15:03:00 PDT"]
[Termination "MagnutssCarleson won by resignation"]

1. d4 Nf6 2. c4 g6 3. Nc3 Bg7 4. e4 d6 5. Be2 O-O 6. Bg5 c5 7. d5 Na6 8. Qd2 Nc7 9. Nf3 Nd7 10. h4 Nf6 11. O-O-O Bg4 12. Nh2 Bxe2 13. Qxe2 Rb8 14.
g4 a6 15. h5 b5 16. f4 bxc4 17. hxg6 fxg6 18. e5 Nb5 19. exf6 exf6 20. Bh4 Nxc3 21.
bxc3 Qa5 22. Qc2 Qa3+ 23. Kd2 Rb2 24. Rc1 Re8 25. Nf3 f5 0-1

[Event "*** Titled Tuesday Blitz"]
[Site "Chess.com"]
[Date "2019.06.04"]
[Round "9"]
[White "Saitama_Hero"]
[Black "riconaipe"]
[Result "1-0"]
[WhiteElo "2456"]
[BlackElo "2565"]
[TimeControl "180+2"]
[EndTime "15:03:15 PDT"]
[Termination "Saitama_Hero won by resignation"]

1. d4 d5 2. c4 e6 3. Nf3 c6 4. Nc3 dxc4 5. a4 Nf6 6. e3 c5 7.
Bxc4 Nc6 8. O-O cxd4 9. exd4 Be7 10. Qe2 O-O 11. Rd1 Nb4 12. Ne5 Nbd5 13. Qf3 Nxc3 14.
bxc3 Nd5 15. Bb2 Bf6 16. Re1 b6 17. Bd3 Bd7 18. c4 Nb4 19. Be4 Rc8 20. Ra3 g6 21. Nxd7 Qxd7 22. Qxf6 Rxc4 23. d5 1-0

[Event "*** Titled Tuesday Blitz"]
[Site "Chess.com"]
[Date "2019.06.04"]
[Round "9"]
[White "Poghosyan_Suren"]
[Black "RojonR"]
[Result "1-0"]
[WhiteElo "2562"]
[BlackElo "2408"]
[TimeControl "180+2"]
[EndTime "15:03:54 PDT"]
[Termination "Poghosyan_Suren won by checkmate"]

1. Nf3 d5 2. c4 c6 3. e3 Nf6 4. Qc2 Nbd7 5. b3 e5 6. Bb2 Bd6 7. Nc3 a6 8. Be2 O-O 9. d3 b5 10. Rg1 b4 11. Na4 c5 12. cxd5 Nxd5 13. Nd2 Bb7 14.
Ne4 Qe7 15. g4 Rac8 16. g5 Bb8 17. Bg4 Rc6 18. Bxd7 Qxd7 19. O-O-O Rfc8 20. Kb1 Bd6 21. Qe2 R6c7 22. Qh5 Nc3+ 23. Naxc3 bxc3 24. Nf6+ gxf6 25. gxf6+ Kf8 26. Qxh7 Ke8 27. Rg8+ Bf8 28. Rxf8+ Kxf8 29. Qh8# 1-0

[Event "*** Titled Tuesday Blitz"]
[Site "Chess.com"]
[Date "2019.06.04"]
[Round "9"]
[White "MarcoRiehle"]
[Black "LiamVrolijk"]
[Result "1-0"]
[WhiteElo "2548"]
[BlackElo "2751"]
[TimeControl "180+2"]
[EndTime "15:03:59 PDT"]
[Termination "MarcoRiehle won by resignation"]

1. e4 e5 2. Nf3 Nc6 3. Bc4 Bc5 4. c3 Nf6 5. d4 exd4 6. cxd4 Bb4+ 7. Kf1 Nxe4 8. d5 Ne7 9. Qd4 Nf6 10. Bg5 Nf5 11. Qe5+ Qe7 12. Qxf5 Qe4 13. Qxe4+ Nxe4 14. Be3 O-O 15.
Nbd2 Nd6 16. Bd3 b5 17. a3 Ba5 18. Ne4 Nf5 19. Nf6+ gxf6 20. Bxf5 Bb7 21. Rd1 c6 22. b4 Bb6 23. dxc6 Bxc6 24. Nd4 Bd5 25.
Nxb5 Bb3 26. Rd2 Bxe3 27. fxe3 a5 28. Nd4 Be6 29. b5 Rfc8 30. Kf2 Rc5 31. g4 a4 32. Rb1 Rb8 33. Rb4 Rc3 34. Rxa4 Bxf5 35. gxf5 Re8 36. Re2 1-0

[Event "*** Titled Tuesday Blitz"]
[Site "Chess.com"]
[Date "2019.06.04"]
[Round "9"]
[White "jamengrand"]
[Black "gemarin"]
[Result "1-0"]
[WhiteElo "2140"]
[BlackElo "2051"]
[TimeControl "180+2"]
[EndTime "15:04:02 PDT"]
[Termination "jamengrand won by resignation"]

1. e4 c5 2. Nf3 Nc6 3. d4 cxd4 4. Nxd4 Nf6 5. Nc3 d6 6. f3 e5 7. Nb3 Be6 8. g4 h6 9. Be3 d5 10. exd5 Nxd5 11. Nxd5 Qxd5 12. Qxd5 Bxd5 13. Be2 O-O-O 14. O-O-O h5 15. g5 Be7 16. h4 f6 17. Rhg1 f5 18. Bd3 g6 19. Rgf1 Rhe8 20. a3 Bf8 21. c4 Bf7 22.
Be2 e4 23. Rxd8+ Kxd8 24. f4 Kc7 25. Rd1 Rd8 26. Nd4 Bc5 27. Nb5+ Kb6 28. Bxc5+ Kxc5 29. b4+ Kb6 30. c5+ 1-0

[Event "*** Titled Tuesday Blitz"]
[Site "Chess.com"]
[Date "2019.06.04"]
[Round "9"]
[White "MathiasWomacka"]
[Black "Mikhail_Golubev"]
[Result "0-1"]
[WhiteElo "2292"]
[BlackElo "2490"]
[TimeControl "180+2"]
[EndTime "15:04:17 PDT"]
[Termination "Mikhail_Golubev won by resignation"]

1. e4 c5 2. Nf3 d6 3. d4 cxd4 4. Nxd4 Nf6 5. Nc3 g6 6. Be3 Bg7 7. f3 Nc6 8. Qd2 O-O 9. O-O-O d5 10. exd5 Nxd5 11. Nxc6 bxc6 12. Bd4 e5 13. Bc5 Be6 14.
Ne4 Rb8 15. g4 f5 16. gxf5 gxf5 17. Ng5 e4 18. c3 Qa5 19. Nxe6 Qxa2 20. Ba3 Nxc3 21.
Bd3 exd3 22. Qxd3 Qxe6 23. bxc3 Qa2 0-1